 Dungeon Crawl Stone Soup version 0.13.1-28-g3517093 (console) character file.

1103 Revolution the Skirmisher (level 7, -15/108 HPs)
             Began as a Troll Berserker on Mar 2, 2014.
             Was a Believer of Trog.
             Demolished by an orc warrior
             ... wielding a cursed -1,-2 orcish trident
              (19 damage)
             ... on Level 6 of the Dungeon.
             The game lasted 00:06:37 (924 turns).

Revolution the Skirmisher (Troll Berserker)          Turns: 924, Time: 00:06:38

HP -15/108       AC  5     Str 31      XL: 7   Next: 95%
MP   2/2         EV 11     Int  5      God: Trog [**....]
Gold 128         SH  0     Dex  9      Spells:  0 memorised,  6 levels left

Res.Fire  : . . .   See Invis. : .     - Unarmed
Res.Cold  : . . .   Warding    : .   b - +0 animal skin
Life Prot.: . . .   Conserve   : .   (shield restricted)
Res.Poison: .       Res.Corr.  : .   (helmet restricted)
Res.Elec. : .       Clarity    : .   (no cloak)
Sust.Abil.: . .     Spirit.Shd : .   (gloves unavailable)
Res.Mut.  : .       Stasis     : .   (boots unavailable)
Res.Rott. : .       Flight     : .   (no amulet)
Gourmand  : +                        (no ring)
                                     (no ring)

@: regenerating, berserking (expiring), very poisoned, very quick, very
resistant to hostile enchantments, extremely unstealthy
A: unfitting armour, claws 3, fast metabolism 3, gourmand, regeneration 2,
saprovore 2, tough skin 2, AC +1
a: Burn Spellbooks, Berserk, Trog's Hand, Renounce Religion


You were on level 6 of the Dungeon.
You worshipped Trog.
Trog was pleased with you.
You were not hungry.

You visited 1 branch of the dungeon, and saw 6 of its levels.

You collected 108 gold pieces.

Inventory:

Hand weapons
 d - a +0,+0 giant spiked club
 k - a +1,+2 great mace
 s - a +0 blowgun
Armour
 b - a +0 animal skin (worn)
 g - a +0 robe
Magical devices
 m - a wand of random effects (16) {unknown}
Comestibles
 a - 4 meat rations
 t - a bread ration
Scrolls
 c - a scroll of teleportation {unknown}
 e - a scroll of blinking {unknown}
 f - 3 scrolls of remove curse {unknown}
 h - 4 scrolls of identify {unknown}
 o - 2 scrolls of amnesia {unknown}
 w - a scroll of enchant weapon I {unknown}
Jewellery
 r - a +5 ring of strength {unknown}
 x - an uncursed amulet of guardian spirit {unknown}
Potions
 i - 2 potions of magic {unknown}
 j - a potion of agility {unknown}
 n - 2 potions of curing {unknown}
 p - a potion of degeneration {unknown}
 q - a potion of cure mutation {unknown}
 u - a potion of restore abilities {unknown}
 v - a potion of speed
Books
 l - a book of Beasts

   Spells                             Type                      Level
   Summon Butterflies                 Summoning                    1
   Sticks to Snakes                   Transmutation                2
   Call Canine Familiar               Summoning                    3
   Ice Form                           Ice/Transmutation            4
   Summon Ice Beast                   Ice/Summoning                4
   Summon Hydra                       Summoning                    7
   Trog disapproves of the use of such an item.


   Skills:
 * Level 6.0 Fighting
 + Level 4.6 Dodging
 + Level 5.3 Unarmed Combat


You had 6 spell levels left.
You didn't know any spells.

Dungeon Overview and Level Annotations

Branches:
Dungeon (6/27)
 Temple: D:4-7          Orc: D:6-11

Altars:


Innate Abilities, Weirdness & Mutations

You are too large for most types of armour.
You have claws for hands.
Your metabolism is lightning-fast.
You like to eat raw meat.
You heal very quickly.
You can eat rotten meat.
You are covered in fur (AC +1).
You have very tough skin (AC +2).


Message History

* * * LOW HITPOINT WARNING * * *
The kobold hits you.
* * * LOW HITPOINT WARNING * * *
The orc closely misses you.
An orc wizard comes into view. It is wielding an orcish dagger.
You closely miss the water moccasin. Your punch misses the water moccasin.
The water moccasin is lightly wounded.
* * * LOW HITPOINT WARNING * * *
You feel sick. The water moccasin bites you.
* * * LOW HITPOINT WARNING * * *
The giant gecko bites you.
* * * LOW HITPOINT WARNING * * *
The goliath beetle closely misses you. The kobold hits you but does no damage.
You hit the water moccasin.
The water moccasin is moderately wounded.
* * * LOW HITPOINT WARNING * * *
You feel sick. The water moccasin bites you!
* * * LOW HITPOINT WARNING * * *
The orc warrior hits you from afar with an orcish trident!
You die...

...###....>.>....##
....#.../..>.l....#..
......................
.......................
........................
........#......# .......
.......###....###.......
........#......#.K.......
...............l@So..o.o.
...............B.o....o..
........................
........................
........................
.......................
......................
.....................
............ ....


You could see a goliath beetle, an orc warrior, a water moccasin (bleeding), an
orc wizard, 3 orcs, a giant gecko and a kobold.

Vanquished Creatures
  Grinder (D:6)
  3 ogres
  A giant frog (D:6)
  Blork the orc (D:6)
  The ghost of Revolution the Ruffian, a weakling TrBe of Trog (D:4)
  A cyclops skeleton (D:6)
  2 crimson imps
  A hound (D:4)
  An iguana (D:6)
  3 worker ants
  An ogre skeleton (D:4)
  3 adders
  A worm (D:2)
  2 orcs (D:4)
  A ball python (D:6)
  A bat skeleton (D:5)
  A giant cockroach (D:6)
  4 goblins
  A hobgoblin (D:5)
  2 jackals (D:4)
  2 quokkas
  4 bats
  A giant newt (D:5)
  3 kobolds
  A kobold skeleton (D:5)
  2 rats
45 creatures vanquished.

Notes
Turn   | Place    | Note
--------------------------------------------------------------
     0 | D:1      | Revolution, the Troll Berserker, began the quest for the Orb.
     0 | D:1      | Reached XP level 1. HP: 23/23 MP: 0/0
   206 | D:2      | You fall through a shaft!
   210 | D:4      | Reached XP level 2. HP: 31/31 MP: 0/0
   233 | D:4      | Noticed an ogre
   235 | D:4      | Noticed Revolution's ghost (weakling TrBe)
   242 | D:4      | Killed an ogre
   242 | D:4      | Reached XP level 3. HP: 39/39 MP: 1/1
   242 | D:4      | Reached XP level 4. HP: 46/46 MP: 1/1
   248 | D:4      | Killed Revolution's ghost
   248 | D:4      | Reached XP level 5. HP: 48/54 MP: 1/1
   249 | D:4      | Noticed an ogre
   357 | D:4      | Killed an ogre
   357 | D:4      | Reached skill level 4 in Fighting
   486 | D:4      | Noticed a worker ant
   487 | D:4      | Noticed a hound
   503 | D:4      | Killed a hound
   503 | D:4      | Reached XP level 6. HP: 16/63 MP: 2/2
   505 | D:4      | Killed a worker ant
   533 | D:5      | Entered Level 5 of the Dungeon
   608 | D:5      | Acquired Trog's second power
   608 | D:5      | Reached skill level 5 in Fighting
   784 | D:6      | Noticed Blork the orc
   793 | D:6      | Reached XP level 7. HP: 71/71 MP: 2/2
   808 | D:6      | Killed Blork the orc
   892 | D:6      | Reached skill level 5 in Unarmed Combat
   907 | D:6      | Noticed Grinder
   918 | D:6      | Killed Grinder
   918 | D:6      | Reached skill level 6 in Fighting
   924 | D:6      | HP: 4/108 [water moccasin (7)]
   924 | D:6      | Demolished by an orc warrior

Action                   |  1- 3 |  4- 6 |  7- 9 || total
-------------------------+-------+-------+-------++-------
Melee: Unarmed           |    10 |   100 |    44 ||   154
Invok: Berserk           |     1 |     3 |     2 ||     6
       Trog's Hand       |       |       |     1 ||     1
  Use: Potion            |       |     1 |       ||     1
 Stab: Sleeping          |       |     1 |       ||     1
